 Dungeon Crawl Stone Soup version 0.23-a0-577-g2b1de94 (webtiles) character file.

667 kae the Cudgeler (level 7, 0/61 HPs)
             Began as a Minotaur Abyssal Knight on Dec 15, 2018.
             Was a Believer of Lugonu.
             Slain by Sigmund
             ... wielding a +2 scythe of protection
              (10 damage)
             ... on level 3 of the Dungeon.
             The game lasted 00:03:52 (4275 turns).

kae the Cudgeler (Minotaur Abyssal Knight)          Turns: 4275, Time: 00:03:53

Health: 0/61       AC:  6    Str: 19    XL:     7   Next: 31%
Magic:  8/8        EV: 11    Int:  9    God:    Lugonu [**....]
Gold:   282        SH:  0    Dex:  9    Spells: 6/6 levels left

rFire    . . .     SeeInvis .   h - +1 whip (drain)
rCold    . . .     Gourm    .   (no shield)
rNeg     . . .     Faith    .   n - +0 ring mail
rPois    .         Spirit   .   (helmet restricted)
rElec    .         Reflect  .   (no cloak)
rCorr    .         Harm     .   (no gloves)
MR       .....                  (no boots)
Stlth    ..........             (no amulet)
HPRegen  0.20/turn              (no ring)
MPRegen  0.11/turn              (no ring)

@: no status effects
A: retaliatory headbutt, horns 2
a: Depart the Abyss, Bend Space, Renounce Religion


You were on level 3 of the Dungeon.
You worshipped Lugonu.
Lugonu was pleased with you.
You were not hungry.

You visited 1 branch of the dungeon, and saw 6 of its levels.
You visited the Abyss 1 time.

You collected 282 gold pieces.

Inventory:

Hand Weapons
 a - a +1 mace
 h - a +1 whip of draining (weapon)
Armour
 n - a +0 ring mail (worn)
Jewellery
 f - an uncursed amulet of faith
 g - an uncursed amulet of the gourmand {unknown}
Scrolls
 b - 2 scrolls of teleportation {unknown}
 d - 2 scrolls of magic mapping
 e - 4 scrolls of remove curse
 o - a scroll of identify
Potions
 i - a potion of ambrosia
 j - 2 potions of brilliance {unknown}
 k - a potion of resistance {unknown}
 m - 3 potions of curing {unknown}
Comestibles
 c - 6 rations
 l - a chunk of flesh


   Skills:
 + Level 5.6 Fighting
 * Level 6.5 Maces & Flails
 + Level 4.8 Armour
 - Level 1.1 Dodging
 + Level 3.9 Invocations


You had 6 spell levels left.
You didn't know any spells.
Your spell library contained the following spells:

 Spells                   Type           Power        Failure   Level  Hunger
 Confusing Touch          Hex            #.....       56%         1    ##.....
 Confuse                  Hex            #.......     90%         3    ####...
 Gell's Gravitas          Tloc           #.........   90%         3    ####...
 Petrify                  Tmut/Erth      #.......     100%        4    #####..
 Metabolic Englaciation   Hex/Ice        #.........   100%        5    ######.
 Yara's Violent Unravell  Hex/Tmut       #.........   100%        5    ######.


Dungeon Overview and Level Annotations

Branches:
Dungeon (6/15)             Temple (0/1) D:4

Altars:
Elyvilon
Gozag
Makhleb
Nemelex Xobeh
Xom
Yredelemnul

Annotations:
D:3 Sigmund
D:5 Grinder


Innate Abilities, Weirdness & Mutations

You reflexively headbutt those who attack you in melee.
You have a pair of horns on your head.


Message History

You closely miss something. Something hits you.
* * * LOW HITPOINT WARNING * * *
You miss something. You hit something but do no damage.
Something hits you but does no damage.
You miss something. You hit something but do no damage. Something hits you.
* * * LOW HITPOINT WARNING * * *
You miss something. You miss something. Something hits you but does no damage.
You miss something. You barely miss something.
You hear some strange, mumbled words.
Something tries to affect you, but you resist.
You closely miss something.
You hear some strange, mumbled words.
A puff of flame appears from out of thin air!
The puff of flame hits you!
* * * LOW HITPOINT WARNING * * *
You closely miss something. Something hits you!
You die...

# ##.#####.# #..##.# #.......
# #..## #.### #..##.# #.......
##
##..###...####..##.####.......
.##
##........<..................
..##
####################........
#..# #...#
###8###8####........
##.###...#
###8...8..%8##..######
.........#####.).......##..#
.........##.#>..@{....._#.##
##.......##.##.........##.#
##...###....##8...8...8##.#
.....#####..####8###8####.#
[###....###.#############.# .#
###..###.##.....)......# ###
##<.#..#..........#.#### ..##
#........####...##....# #..##
##รท".....# ##..##....#


There were no monsters in sight!

Vanquished Creatures
  2 ogres
  2 howler monkeys (D:4)
  A hound (D:4)
  A gnoll shaman (D:3)
  A bullfrog skeleton (D:6)
  An iguana (D:6)
  4 worker ants
  7 gnolls (D:4)
  7 adders
  A shadow imp (D:5)
  An adder skeleton (D:4)
  A worm (D:3)
  4 dart slugs
  4 leopard geckos
  An orc (D:5)
  5 goblins
  9 hobgoblins
  8 jackals
  A quokka (D:2)
  5 bats
  3 frilled lizards
  9 kobolds
  6 rats
84 creatures vanquished.

Notes
Turn   | Place    | Note
-------+----------+-------------------------------------------
     0 | Abyss:1  | kae the Minotaur Abyssal Knight began the quest for the
                  | Orb.
     0 | Abyss:1  | Reached XP level 1. HP: 19/19 MP: 1/1
   115 | Abyss:1  | Noticed a small abomination
   116 | D:1      | Escaped the Abyss
   166 | D:1      | Reached * piety under Lugonu
   231 | D:1      | Reached XP level 2. HP: 20/27 MP: 2/2
   366 | D:1      | Reached skill level 3 in Maces & Flails
   723 | D:2      | Found a shimmering altar of Xom.
   809 | D:2      | Found a sparkling altar of Nemelex Xobeh.
   810 | D:2      | Found an opulent altar of Gozag.
  1009 | D:2      | Reached XP level 3. HP: 31/33 MP: 3/3
  1353 | D:2      | Found a white marble altar of Elyvilon.
  1372 | D:2      | Reached ** piety under Lugonu
  1572 | D:3      | Noticed Sigmund
  1605 | D:3      | Found a basalt altar of Yredelemnul.
  1724 | D:3      | Reached XP level 4. HP: 40/40 MP: 4/4
  1930 | D:4      | Reached skill level 4 in Maces & Flails
  1968 | D:4      | Reached XP level 5. HP: 35/47 MP: 4/6
  2414 | D:4      | Reached skill level 5 in Maces & Flails
  2731 | D:4      | Reached XP level 6. HP: 52/55 MP: 7/7
  2743 | D:4      | Reached skill level 5 in Fighting
  3019 | D:4      | Found a staircase to the Ecumenical Temple.
  3028 | D:4      | Found a burning altar of Makhleb.
  3309 | D:4      | You fall through a shaft for 2 floors!
  3446 | D:6      | Reached skill level 6 in Maces & Flails
  3484 | D:6      | Reached XP level 7. HP: 35/61 MP: 8/8
  3756 | D:5      | Entered Level 5 of the Dungeon
  3831 | D:5      | Noticed Grinder
  3834 | D:5      | Paralysed by Grinder for 5 turns
  4275 | D:3      | Slain by Sigmund

Vault maps used:
D:1:      dpeg_arrival_pond, serial_forest, infiniplex_forest_lined_3,
          infiniplex_forest_straight_4, infiniplex_forest_lined_corner,
          infiniplex_forest_lined_room_2, infiniplex_forest_zigzag_1,
          infiniplex_forest_straight_1, infiniplex_forest_lined_3
D:2:      grunt_temple_overflow_opulence, xom_teletrap_fun, old_standard_altar
D:3:      nicolae_overflow_hidden_temple, uniq_sigmund
D:4:      overflow_temple_1_default, minmay_temple_entry_poolview,
          serial_rivers, chequers_serial_rivers_small_b,
          chequers_serial_rivers_micro_d, chequers_serial_rivers_micro_c,
          chequers_serial_rivers_micro_a, first_ration
D:5:      kennysheep_slug_shrine, uniq_grinder
D:6:      minmay_bent

Skill      XL: |  1  2  3  4  5  6 |
---------------+-------------------+-----
Invocations    | 2 3 |  3.9
Maces & Flails | 3 4 5 6 |  6.5
Fighting       | 4 5 |  5.6
Armour         | 3 4 |  4.8
Dodging        | |  1.1

Action                   |  1- 3 |  4- 6 |  7- 9 || total
-------------------------+-------+-------+-------++-------
Melee: Mace              |    21 |       |       ||    21
       Headbutt          |    10 |    19 |     4 ||    33
       Whip              |    86 |   116 |    49 ||   251
Invok: Depart the Abyss  |     1 |       |       ||     1
  Use: Scroll            |     6 |     2 |       ||     8
  Eat: Chunk             |     2 |     6 |     3 ||    11
Armor: Leather armour    |    30 |     4 |       ||    34
       Ring mail         |       |    16 |     8 ||    24
Dodge: Dodged            |    56 |    46 |    12 ||   114

Table legend:
 A = Non-vault XP
 B = Vault XP
 C = Vault XP percentage of total XP
 D = Non-vault monster count
 E = Vault monster count
 F = Vault count percentage of total count
                 A         B        C        D         E       F
            +---------+---------+-------+---------+---------+-------
      Total |     856 |      98 |  10.3 |      79 |       5 |   6.0
            +---------+---------+-------+---------+---------+-------
        D:1 |      26 |       2 |   7.1 |      15 |       1 |   6.2
        D:2 |      46 |       0 |   0.0 |      18 |       0 |   0.0
        D:3 |      68 |       0 |   0.0 |      16 |       0 |   0.0
        D:4 |     497 |       0 |   0.0 |      24 |       0 |   0.0
        D:5 |      15 |       0 |   0.0 |       2 |       0 |   0.0
        D:6 |     204 |      96 |  32.0 |       4 |       4 |  50.0
            +---------+---------+-------+---------+---------+-------
